Map: Dusk Towers

Players

Analmilk - Winner!

  • Race: Protoss Protoss
  • League: Gold

BenTobith

  • Race: Protoss Protoss
  • League: Gold

VOD

Have the link to the VOD?

Description

Time

  • Played on: Jan. 23, 2016, 6:55 p.m.
  • Length: 13:50
Show
View Real Time Build Order
Export as new Build Order

Analmilk Protoss - Winner!

Build Orders:  

Get SALT Encoding   

  12  0:01  Probe (Chrono Boost)  
  13  0:15  Pylon  
  13  0:17  Probe (Chrono Boost)  
  14  0:28  Probe (Chrono Boost)  
  15  0:33  Gateway  
  15  0:39  Probe (Chrono Boost)  
  16  0:50  Probe (Chrono Boost), Assimilator  
  17  1:00  Probe (Chrono Boost)  
  18  1:09  Pylon  
  19  1:11  Probe (Chrono Boost)  
  19  1:22  Probe (Chrono Boost)  
  20  1:34  Zealot  
  20  1:37  Forge  
  22  2:01  Cybernetics Core  
  22  2:03  Zealot  
  24  2:14  Probe (Chrono Boost), Pylon  
  25  2:24  Probe (Chrono Boost), Protoss Ground Weapons Level 1 (Chrono Boost)  
  26  2:30  Warp Gate  
  26  2:35  Probe (Chrono Boost)  
  27  2:44  Nexus  
  27  2:58  Stalker  
  29  3:10  Pylon  
  29  3:29  Pylon  
  29  3:31  Photon Cannon  
  29  3:40  Stalker  
  31  3:47  Photon Cannon  
  31  3:52  Pylon  
  31  4:10  Photon Cannon  
  31  4:17  Photon Cannon  
  31  4:23  Pylon  
  31  4:25  Photon Cannon  
  31  4:35  Photon Cannon  
  30  5:19  Photon Cannon x3  
  30  5:31  Gateway  
  30  5:43  Probe  
  30  5:44  Probe  
  30  5:49  Assimilator  
  32  5:53  Protoss Shields Level 1 (Chrono Boost), Probe  
  32  5:56  Probe  
  34  6:02  Gateway  
  34  6:04  Probe  
  34  6:06  Photon Cannon  
  34  6:08  Probe  
  34  6:11  Stalker  
  38  6:14  Probe  
  39  6:20  Probe  
  39  6:25  Probe  
  41  6:33  Probe  
  41  6:35  Probe  
  41  6:36  Stalker x2  
  47  6:45  Probe  
  47  6:46  Probe  
  49  6:57  Probe x2  
  49  7:00  Gateway  
  51  7:07  Probe  
  51  7:09  Probe  
  51  7:10  Assimilator  
  51  7:14  Assimilator  
  53  7:18  Probe  
  53  7:21  Probe  
  55  7:23  Pylon  
  55  7:24  Stalker  
  55  7:25  Stalker x2, Pylon  
  55  7:28  Probe  
  61  7:33  Probe  
  61  7:36  Twilight Council  
  63  7:39  Pylon  
  63  7:45  Probe  
  64  7:56  Zealot x3  
  70  8:02  Protoss Ground Armor Level 1 (Chrono Boost)  
  70  8:10  Robotics Facility  
  70  8:36  Zealot x3  
  76  8:57  Stalker x2  
  76  8:58  Stalker  
  82  9:14  Observer  
  83  9:47  Pylon  
  83  9:48  Pylon  
  83  9:51  Pylon x2  
  79  9:58  Stalker  
  79  9:59  Stalker x2  
  62  10:20  Photon Cannon  
  62  10:21  Photon Cannon  
  62  10:22  Photon Cannon  
  62  10:23  Photon Cannon x2  
  62  10:24  Photon Cannon  
  62  10:25  Photon Cannon x2  
  62  10:27  Photon Cannon  
  62  10:53  Photon Cannon  
  62  10:56  Pylon  
  62  10:57  Photon Cannon  
  62  11:37  Pylon  
  62  11:41  Pylon  
  62  11:46  Pylon  
  48  12:43  Pylon  
  48  12:44  Pylon  
  48  13:30  Gateway  
  48  13:43  Gateway x2  
Show
View Real Time Build Order
Export as new Build Order

BenTobith Protoss 

Build Orders:  

Get SALT Encoding   

  12  0:02  Probe (Chrono Boost)  
  13  0:15  Probe (Chrono Boost)  
  13  0:20  Pylon  
  14  0:30  Probe (Chrono Boost)  
  15  0:40  Gateway  
  16  0:42  Probe (Chrono Boost)  
  16  0:54  Probe (Chrono Boost)  
  16  0:56  Assimilator  
  17  1:06  Probe (Chrono Boost)  
  18  1:52  Zealot  
  20  1:57  Cybernetics Core  
  20  2:24  Pylon  
  20  2:27  Assimilator  
  20  2:33  Zealot  
  20  2:35  Nexus, Warp Gate (Chrono Boost)  
  22  2:42  Probe  
  23  2:54  Probe  
  24  3:00  Stalker  
  26  3:06  Probe  
  27  3:26  Pylon  
  27  3:28  Pylon  
  27  3:30  Adept  
  27  3:33  Gateway x2  
  29  3:37  Twilight Council  
  29  3:40  Pylon  
  27  4:32  Resonating Glaives (Chrono Boost)  
  21  5:00  Stalker x3  
  27  5:24  Gateway  
  27  5:26  Gateway  
  27  5:27  Gateway  
  27  5:34  Stalker x2  
  31  5:41  Zealot  
  33  5:52  Mothership Core  
  35  6:00  Nexus  
  35  6:01  Charge (Chrono Boost)  
  35  6:04  Pylon  
  35  6:08  Pylon  
  35  6:21  Stalker x2  
  35  6:22  Zealot  
  41  6:35  Assimilator  
  41  6:40  Assimilator  
  41  6:42  Pylon  
  41  7:03  Stalker x2  
  41  7:05  Zealot  
  47  7:19  Probe  
  48  7:29  Probe  
  48  7:35  Sentry  
  51  7:40  Probe  
  52  7:50  Probe  
  53  8:06  Probe  
  54  8:13  Gateway  
  54  8:17  Probe, Robotics Facility  
  46  8:27  Probe  
  46  8:32  Zealot x5  
  56  8:36  Sentry  
  56  8:38  Probe  
  59  8:49  Probe  
  60  8:57  Cybernetics Core  
  60  9:15  Pylon  
  56  10:46  Pylon  
  56  10:47  Pylon  
  56  10:52  Pylon  
  56  11:42  Zealot  
  49  11:57  Nexus  
  49  12:00  Pylon  
  21  12:53  Zealot  
Tags
 
League
GoldGold
Matchup
PvP
Add a new tag
Caveats
  • Supply blocks, unpowered buildings, or Contaminate may cause inaccurate times.
  • Supply counts are checked every 10 seconds.